 Dungeon Crawl Stone Soup version 0.19-a0-1686-g35356ef (webtiles) character file.

5896 st0uf the Fighter (level 10, -2/83 HPs)
             Began as a Demonspawn Fighter on Sept 25, 2016.
             Was a Believer of Qazlal.
             Killed from afar by a gargoyle (15 damage)
             ... with a stone arrow
             ... on level 9 of the Dungeon.
             The game lasted 00:33:37 (9504 turns).

st0uf the Fighter (Demonspawn Fighter)              Turns: 9504, Time: 00:33:38

Health: -2/83      AC: 14    Str: 25    XL:     10   Next: 53%
Magic:  14/14      EV: 13    Int: 11    God:    Qazlal [**....]
Gold:   412        SH:  3    Dex: 14    Spells: 0 memorised, 9 levels left

rFire  . . .     SeeInvis .     M - +6 long sword "Killer Bee's Curse" {slice, rPois Str+3}
rCold  . . .     Gourm    .     b - +0 scale mail
rNeg   + . .     Faith    .     (no shield)
rPois  +         Spirit   .     L - +0 helmet
rElec  .         Dismiss  .     K - +0 cloak
rCorr  .         Reflect  .     (no gloves)
MR     +....     Harm     .     j - +2 pair of boots
Stlth  ..........               (no amulet)
                                w - ring "Xecypn" {MR+ Str+3}
                                r - ring of positive energy

@: about to teleport
A: talons 2, thin skeletal structure 1, spiny 1
a: Upheaval, Renounce Religion


You were on level 9 of the Dungeon.
You worshipped Qazlal.
Qazlal was pleased with you.
You were not hungry.

You visited 2 branches of the dungeon, and saw 10 of its levels.

You collected 412 gold pieces.

Inventory:

Hand Weapons
 M - the +6 long sword "Killer Bee's Curse" (weapon) {slice, rPois Str+3}
   (You found it on level 8 of the Dungeon)

   It inflicts extra damage upon your enemies.
   It affects your strength (+3).
   It protects you from poison.
Armour
 b - a +0 scale mail (worn)
 j - a +2 pair of boots (worn)
 K - a +0 cloak (worn)
 L - a +0 helmet (worn)
Jewellery
 r - a ring of positive energy (left hand)
 w - the ring "Xecypn" (right hand) {MR+ Str+3}
   (You found it on level 4 of the Dungeon)

   [ring of strength]

   It affects your strength (+3).
   It affects your resistance to hostile enchantments.
 S - an uncursed ring of see invisible
Wands
 i - a wand of lightning (3/15)
 o - a wand of teleportation (1/9)
 u - a wand of iceblast (4/15)
 v - a wand of lightning (11/15)
 B - a wand of heal wounds (1/9)
 G - a wand of lightning (4/15)
 I - a wand of random effects (24/48)
 N - a wand of lightning (7/15)
 O - a wand of polymorph (10/24)
 P - a wand of teleportation (4/9)
 Q - a wand of lightning (5/15)
Scrolls
 c - 3 scrolls of identify {unknown}
 g - 2 scrolls of immolation {unknown}
 l - 3 scrolls of random uselessness {unknown}
 m - a scroll of fog {unknown}
 n - 3 scrolls of remove curse {unknown}
 p - 2 scrolls of recharging {unknown}
 C - 2 scrolls of enchant armour {unknown}
 F - 2 scrolls of enchant weapon {unknown}
 H - a scroll of fear {unknown}
 J - a scroll of teleportation {unknown}
Potions
 d - 3 potions of might
 e - a potion of lignification {unknown}
 q - 4 potions of degeneration {unknown}
 s - 3 potions of heal wounds {unknown}
 t - a potion of curing {unknown}
 x - 2 potions of haste
 z - 2 potions of mutation {unknown}
 A - 2 potions of flight {unknown}
 E - a potion of berserk rage {unknown}
Comestibles
 a - 2 meat rations
 f - 6 bread rations
 h - 2 beef jerkies
 k - 11 fruits
 D - a royal jelly
 R - a chunk of flesh


   Skills:
 * Level 9.4 Fighting
 * Level 8.3 Long Blades
 + Level 6.2 Armour
 + Level 5.4 Dodging
   Level 2.6 Shields
 + Level 5.9 Invocations


You had 9 spell levels left.
You didn't know any spells.

Dungeon Overview and Level Annotations

Branches:
Dungeon (9/15)             Temple (1/1) D:6            Lair (0/6) D:8
    Orc: D:9-12

Altars:
Ashenzari
Cheibriados
Dithmenos
Elyvilon
Fedhas
Gozag
Hepliaklqana
Kikubaaqudgha
Makhleb
Nemelex Xobeh
Qazlal
Ru
Sif Muna
Trog
Uskayaw
Vehumet
Xom
Yredelemnul
Zin
The Shining One

Shops:
D:8 *

Annotations:
D:7 exclusion: downstairs


Innate Abilities, Weirdness & Mutations

You have razor-sharp toenails.
You have a somewhat thin skeletal structure. (Dex +2, Stealth)
You are partially covered in sharp spines.


Message History

Items here: ))) [[ ††† Drop what? 45/52 slots (_ for help) (? for menu, Esc to quit)
You drop a ring of wizardry.
You start resting.
Okay, then.
Evoke which item? (* to show all) (? for menu, Esc to quit)
Zapping:
B - a wand of heal wounds (will waste charges)
Press: ? - help, Shift-Dir - straight line, f - you You feel much better.
Evoking this partially-identified wand wasted a few charges.
Evoke which item? (* to show all) (? for menu, Esc to quit)
Zapping:
o - a wand of teleportation (will waste charges)
Press: ? - help, Shift-Dir - straight line, f - you You feel strangely unstable.
Evoking this partially-identified wand wasted a few charges.
The gargoyle hits you with a morningstar!!
* * * LOW HITPOINT WARNING * * *
The gargoyle hurls a stone arrow at you.
The stone arrow hits you!
You die...

######## ####
#.)9.@.# #...
#.[####.### #...
#..
#...##########...
....
###..........'...
#....
###.########...
...... #.# #...
#...... #.# #...
....... #.# #...
#.# ###)


You could see a gargoyle.

Vanquished Creatures
  A hill giant (D:9)
  A komodo dragon (D:8)
  A tengu conjurer (D:9)
  Grinder (D:6)
  A hippogriff (D:7)
  Sigmund (D:4)
  3 yaks (D:9)
  Menkaure (D:6)
  2 sky beasts
  An ice beast (D:6)
  3 black bears
  2 orc warriors (D:8)
  3 ogres
  An eye of draining (D:9)
  4 centaurs
  A crocodile (D:9)
  4 bullfrogs
  3 scorpions
  10 killer bees
  3 howler monkeys
  3 bullfrog zombies
  4 crimson imps
  A jelly (D:9)
  5 hounds
  Crazy Yiuf (D:2)
  2 bullfrog skeletons
  3 orc priests (D:8)
  8 orc wizards
  A centaur skeleton (D:6)
  2 gnoll shamans
  Terence (D:2)
  5 iguanas
  5 worker ants
  6 gnolls
  9 adders
  2 shadow imps
  An ooze (D:5)
  2 adder skeletons
  2 worms
  3 leopard geckos
  24 orcs
  5 giant cockroaches
  7 goblins
  7 hobgoblins
  9 jackals
  4 quokkas
  5 bats
  4 frilled lizards
  A jackal skeleton (D:5)
  7 kobolds
  2 leopard gecko skeletons
  3 quokka skeletons
  4 rats
195 creatures vanquished.

Vanquished Creatures (others)
  An orc wizard (D:4)
  2 orcs (D:9)
  7 plants (D:8)
10 creatures vanquished.

Grand Total: 205 creatures vanquished

Notes
Turn   | Place    | Note
-------+----------+-------------------------------------------
     0 | D:1      | st0uf the Demonspawn Fighter began the quest for the Orb.
     0 | D:1      | Reached XP level 1. HP: 18/18 MP: 1/1
   541 | D:2      | Gained mutation: You have sharp toenails. [demonic ancestry]
   541 | D:2      | Reached XP level 2. HP: 17/24 MP: 2/2
  1064 | D:2      | Noticed Terence
  1082 | D:2      | Killed Terence
  1082 | D:2      | Reached XP level 3. HP: 11/29 MP: 3/3
  1511 | D:2      | Reached skill level 1 in Dodging
  1546 | D:2      | Reached XP level 4. HP: 34/36 MP: 4/4
  1710 | D:2      | Found a runed door.
  2107 | D:3      | Found a faded altar of an unknown god.
  2635 | D:4      | Reached skill level 4 in Fighting
  2635 | D:4      | Reached XP level 5. HP: 34/42 MP: 5/5
  2813 | D:4      | Got a scorched golden ring
  2993 | D:4      | Noticed Sigmund
  3048 | D:5      | Entered Level 5 of the Dungeon
  3068 | D:5      | Gained mutation: You have a somewhat thin skeletal structure. (Dex +2, Stealth) [demonic ancestry]
  3068 | D:5      | Reached XP level 6. HP: 11/49 MP: 6/6
  3973 | D:4      | Identified the ring "Xecypn" {MR+ Str+3} (You found it on level 4 of the Dungeon)
  4125 | D:4      | Reached skill level 5 in Fighting
  4334 | D:4      | Gained mutation: You are partially covered in sharp spines. [demonic ancestry]
  4334 | D:4      | Reached XP level 7. HP: 46/56 MP: 7/7
  4590 | D:4      | Killed Sigmund
  4963 | D:5      | Reached skill level 5 in Long Blades
  5270 | D:5      | Reached skill level 6 in Fighting
  5277 | D:5      | Gained mutation: You have razor-sharp toenails. [demonic ancestry]
  5277 | D:5      | Reached XP level 8. HP: 39/64 MP: 8/8
  5555 | D:6      | Found a staircase to the Ecumenical Temple.
  5560 | Temple   | Entered the Ecumenical Temple
  5652 | Temple   | Became a worshipper of Qazlal Stormbringer
  5761 | D:6      | Noticed Grinder
  5828 | D:6      | Noticed Menkaure
  5844 | D:6      | Killed Menkaure
  5844 | D:6      | Reached skill level 1 in Invocations
  6184 | D:6      | Killed Grinder
  6534 | D:7      | Reached skill level 7 in Fighting
  6723 | D:7      | Noticed a hippogriff
  6734 | D:7      | Killed a hippogriff
  6734 | D:7      | Reached XP level 9. HP: 61/72 MP: 11/11
  6973 | D:7      | Reached skill level 5 in Armour
  6997 | D:7      | Found a deep blue altar of Sif Muna.
  7256 | D:2      | Noticed Crazy Yiuf
  7260 | D:2      | Killed Crazy Yiuf
  7855 | D:8      | Found a staircase to the Lair.
  7856 | D:8      | Noticed a komodo dragon
  7863 | D:8      | Found Toitac's General Store.
  7888 | D:8      | Reached * piety under Qazlal
  8061 | D:8      | Got a transparent long sword
  8062 | D:8      | Identified the +6 long sword "Killer Bee's Curse" {slice, rPois Str+3} (You found it on level 8 of the Dungeon)
  8260 | D:8      | Reached skill level 8 in Fighting
  8785 | D:9      | Reached skill level 5 in Dodging
  8785 | D:9      | Reached XP level 10. HP: 72/82 MP: 7/13
  8809 | D:9      | Noticed a gargoyle
  8814 | D:9      | Reached skill level 5 in Invocations
  8818 | D:9      | Reached ** piety under Qazlal
  8838 | D:9      | Reached skill level 9 in Fighting
  9477 | D:9      | Noticed a hill giant
  9489 | D:9      | Killed a hill giant
  9490 | D:9      | HP: 4/83 [orc/wand of lightning (11)]
  9504 | D:9      | Killed from afar by a gargoyle

Vault maps used:
D:1:      enne_arrival_octagon_isle
D:2:      minmay_misc_feat_encased, uniq_crazy_yiuf_cottage, uniq_terence
D:3:      ecumenical_altar_2, minmay_cut_off
D:4:      grunt_ministairs_6, minivault_4, uniq_sigmund
D:5:      first_bread, minmay_misc_feat_secret_circle, minmay_hedge_maze
D:6:      kennysheep_six_static_rooms, uniq_grinder, uniq_menkaure
D:7:      lemuel_blue_sif_altar
D:8:      david_lair_shrubbed, serial_shops, shop
D:9:      minmay_bloctagon
Temple:   regret_index_temple_sigil_plot

Skill      XL: |  1  2  3  4  5  6  7  8  9 10 |
---------------+-------------------------------+-----
Long Blades    | 2 3 4 5 6 7 8 |  8.3
Armour         | 3 4 5 6 |  6.2
Dodging        | 1 2 3 4 5 |  5.4
Fighting       | 4 5 6 7 8 9 |  9.4
Invocations    | 3 4 5 |  5.9
Shields        | |  2.6

Action                   |  1- 3 |  4- 6 |  7- 9 | 10-12 || total
-------------------------+-------+-------+-------+-------++-------
Melee: Long sword        |   110 |   340 |   309 |    78 ||   837
       Kick              |     2 |       |       |       ||     2
Evoke: Wand              |       |       |       |     2 ||     2
  Eat: Chunk             |     1 |    11 |     9 |     2 ||    23
       Meat ration       |       |       |     1 |       ||     1
Armor: Scale mail        |    56 |   162 |    93 |    27 ||   338
Dodge: Dodged            |    40 |   148 |   156 |    35 ||   379
Block: Other             |       |       |     3 |     7 ||    10
